 Dungeon Crawl Stone Soup version 0.16-a0-328-gfd822c7 (webtiles) character file.

142 Ratboiler the Insei (level 5, -1/33 HPs)
             Began as an Octopode Transmuter on Sept 6, 2014.
             Killed by divine providence
             ... invoked by an orc priest
              (12 damage)
             ... on Level 3 of the Dungeon.
             The game lasted 00:08:35 (3007 turns).

Ratboiler the Insei (Octopode Transmuter)           Turns: 3007, Time: 00:08:37

HP  -1/33        AC  1     Str  9      XL: 5   Next: 25%
MP   9/9         EV 13     Int 16      God:
Gold 52          SH  0     Dex 13      Spells:  3 memorised,  2 levels left

rFire  . . .     SeeInvis .       - Unarmed
rCold  . . .     Clarity  .     (no shield)
rNeg   . . .     rCorr    .     (helmet restricted)
rPois  .         rRot     .     (no amulet)
rElec  .         Spirit   .     (no ring)
SustAb .         Warding  .     (no ring)
rMut   .         Stasis   .     (no ring)
Gourm  .                        (no ring)
MR     .....                    (no ring)
                                (no ring)
                                (no ring)
                                (no ring)

@: not resistant to hostile enchantments, unstealthy
A: almost no armour, amphibious, 8 rings, constrict 8, camouflage 1, gelatinous
body 1
a: no special abilities


You were on level 3 of the Dungeon.
You were not hungry.

You visited 1 branch of the dungeon, and saw 3 of its levels.

You collected 52 gold pieces.

Inventory:

Missiles
 b - 33 arrows
 j - 3 poisoned javelins (quivered)
Armour
 k - a +0 buckler
Comestibles
 g - 2 meat rations
 q - 2 rotting chunks of worm flesh
Scrolls
 c - 6 scrolls of identify {unknown}
 e - a scroll of recharging {unknown}
 f - 2 scrolls of magic mapping {unknown}
 i - a scroll of blinking {unknown}
 p - a scroll of enchant armour {unknown}
 r - a scroll of remove curse {unknown}
 s - a scroll of noise {unknown}
Potions
 h - a potion of haste {unknown}
 l - a potion of beneficial mutation {unknown}
 m - a potion of confusion {unknown}
 n - a potion of cure mutation {unknown}
 o - a potion of heal wounds {unknown}
Books
 d - a book of Changes

   Spells                             Type                      Level
   *Beastly Appendage                 Transmutation                1
   *Sticks to Snakes                  Transmutation                2
   *Spider Form                       Transmutation/Poison         3
   Ice Form                           Ice/Transmutation            4
   Blade Hands                        Transmutation                5


   Skills:
 - Level 1.0 Fighting
 + Level 3.5 Dodging
 + Level 4.1 Unarmed Combat
 - Level 2.0 Spellcasting
 + Level 3.2 Transmutations


You had 2 spell levels left.
You knew the following spells:

 Your Spells              Type           Power        Failure   Level  Hunger
a - Beastly Appendage     Trmt           ##....       8%          1    #......
b - Sticks to Snakes      Trmt           ##........   10%         2    ###....
c - Spider Form           Trmt/Pois      #.........   34%         3    ####...


Dungeon Overview and Level Annotations

Branches:
Dungeon (3/15)

Altars:
Makhleb
Zin


Innate Abilities, Weirdness & Mutations

You cannot wear most types of armour.
You are amphibious.
You can wear up to eight rings at the same time.
You can use your tentacles to constrict many enemies at once.
Your skin changes colour to match your surroundings (Stealth).
Your rubbery body absorbs attacks (AC +1).


Message History

You start resting.
HP restored.
There is a stone staircase leading down here.
You climb downwards.
A bat, an orc and 3 orc priests come into view.
The orc priest shouts! x2
The orc shouts!
The orc priest shouts!
The orc priest prays to Beogh.
You feel a wave of unholy energy pass over you.
The orc priest mumbles some strange prayers to Beogh against you.
Pain shoots through your body! The bat closely misses you.
Found three items.
There is a stone staircase leading up here.
The bat barely misses you.
The orc priest calls down the wrath of Beogh upon you.
Something smites you!
* * * LOW HITPOINT WARNING * * *
The orc priest mumbles some strange prayers to Beogh against you.
Something smites you!
You die...

#.
#.#.....
#.
#.##.####
#. #.# .#
#. #.# .#
###.###.#
.
........#
#.......#
#....o..#
#o.o.ob@#
#.......#
#####..(#
#....
#.=.#
#...#
.....
##..!.
###


You could see 3 orc priests, an orc and a bat.

Vanquished Creatures
  A gnoll (D:3)
  6 adders
  An inept item mimic (D:2)
  A worm (D:3)
  A giant mite (D:2)
  A giant gecko (D:1)
  5 orcs (D:3)
  3 giant cockroaches
  8 hobgoblins
  8 kobolds
  A quokka (D:2)
  2 ball pythons (D:2)
  9 bats
  3 giant newts
  7 goblins
  3 rats
60 creatures vanquished.

Notes
Turn   | Place    | Note
--------------------------------------------------------------
     0 | D:1      | Ratboiler, the Octopode Transmuter, began the quest for the Orb.
     0 | D:1      | Reached XP level 1. HP: 13/13 MP: 3/3
   157 | D:1      | Reached XP level 2. HP: 18/18 MP: 2/4
   184 | D:1      | Learned a level 2 spell: Sticks to Snakes
   462 | D:1      | Reached XP level 3. HP: 8/23 MP: 6/6
  1222 | D:2      | Learned a level 3 spell: Spider Form
  1250 | D:2      | Reached XP level 4. HP: 17/28 MP: 5/7
  1799 | D:2      | Found a burning altar of Makhleb.
  1805 | D:2      | Found a glowing silver altar of Zin.
  1805 | D:2      | Noticed an angel
  1806 | D:2      | Noticed a balrug
  1951 | D:2      | Reached skill level 4 in Unarmed Combat
  2452 | D:3      | Reached XP level 5. HP: 29/33 MP: 7/9
  3007 | D:3      | Killed from afar by an orc priest

Action                   |  1- 3 |  4- 6 || total
-------------------------+-------+-------++-------
Melee: Unarmed           |    57 |    71 ||   128
 Cast: Beastly Appendage |     9 |     6 ||    15
       Spider Form       |       |     2 ||     2
 Stab: Sleeping          |     1 |     5 ||     6
  Eat: Chunk             |     1 |     3 ||     4
       Beef jerky        |       |     1 ||     1
       Bread ration      |       |     1 ||     1
